 Dungeon Crawl Stone Soup version 0.29.1-2-gbd0b4ee654 (webtiles) character file.

Game seed: 13733255128768912516

4 GeoRichter the Caller (level 1, -2/10 HPs)
             Began as a Tengu Summoner on Nov 7, 2022.
             Slain by a quokka (4 damage)
             ... on level 1 of the Dungeon.
             The game lasted 00:01:02 (147 turns).

GeoRichter the Caller (Tengu Summoner)               Turns: 147, Time: 00:01:02

Health: -2/10      AC:  2    Str:  8    XL:     1   Next: 60%
Magic:  2/4        EV: 12    Int: 15    God:
Gold:   2          SH:  0    Dex: 14    Spells: 3/4 levels left

rFire   . . .      SeeInvis .   (no weapon)
rCold   . . .      Faith    .   (no shield)
rNeg    . . .      Spirit   .   a - +0 robe
rPois   .          Reflect  .   (helmet restricted)
rElec   .          Harm     .   (no cloak)
rCorr   .          Rampage  .   (no gloves)
Will    .....                   (boots unavailable)
Stlth   ++........              (no amulet)
HPRegen 0.03/turn               (no ring)
MPRegen 0.09/turn               (no ring)

@: no status effects
A: beak, talons 3
a: no special abilities


You were on level 1 of the Dungeon.
You visited 1 branch of the dungeon, and saw 1 of its levels.

You collected 2 gold pieces.

Inventory:

Hand Weapons
 d - a +0 dagger
   (You took it off a goblin on level 1 of the Dungeon)
Armour
 a - a +0 robe (worn)
Scrolls
 c - a scroll of fear {unknown}
Potions
 b - a potion of magic


   Skills:
 - Level 2.1 Dodging
 - Level 2.0 Stealth
 + Level 2.1 Spellcasting
 * Level 5.0 Summonings


You had 3 spell levels left.
You knew the following spells:

 Your Spells              Type           Power      Damage    Failure   Level
a - Summon Small Mammal   Summ           64%        N/A       2%          1

Your spell library contained the following spells:

 Spells                   Type           Power      Damage    Failure   Level
 Call Imp                 Summ           16%        N/A       4%          2
 Call Canine Familiar     Summ           16%        N/A       9%          3
 Summon Guardian Golem    Hex/Summ       9%         N/A       24%         3
 Summon Lightning Spire   Summ/Air       9%         N/A       61%         4


Dungeon Overview and Level Annotations

Branches:
Dungeon (1/15) Zot: 5853

Altars:


Innate Abilities, Weirdness & Mutations

You have a beak for a mouth.
You have claws for feet.


Message History

The endoplasm moves out of view.
An endoplasm is nearby!
The endoplasm barely misses your quokka.
Your quokka bites the endoplasm.
The endoplasm misses your quokka.
Your quokka bites the endoplasm.
The endoplasm dies!
You swap places.
A ball python comes into view.
The ball python hisses angrily.
The ball python bites you. The ball python barely misses you.
Your quokka barely misses the ball python.
You hit the ball python. You claw the ball python.
You kill the ball python!
A goblin comes into view. It is wielding a +0 dagger.
Your bat hits the goblin.
Your bat closely misses the goblin.
The goblin closely misses your bat.
Your bat misses the goblin. Your bat hits the goblin.
The goblin completely misses your bat.
Your quokka bites the goblin.
The goblin dies!
Your Summonings skill increases to level 5!
You swap places.
You see here a +0 dagger.
You swap places.
You see here a +0 dagger.
d - a +0 dagger
Okay, then.
Okay, then.
Your quokka disappears in a puff of smoke!
Your bat disappears in a puff of smoke!
A quokka comes into view.
A quokka is nearby!
The quokka twitches its whiskers.
The quokka bites your bat.
Your bat dies!
Your bat's corpse disappears in a puff of smoke!
The quokka bites you. x2
* * * LOW HITPOINT WARNING * * *
You are too injured to fight recklessly!
The quokka attacks as you move away! The quokka closely misses you.
Your bat hits the quokka but does no damage.
The quokka barely misses your bat.
Your bat misses the quokka.
Really attack while wielding nothing?
Okay, then.
The quokka barely misses you.
A kobold comes into view. It is wielding a +1 whip of draining.
Your quokka bites the quokka but does no damage.
The quokka attacks as you move away! The quokka bites you.
You die...

#......# #.........
#......# #.........
#.....#####...b.....
+...................
#.....#####.######.#
..#......# #r#
..........## #.#
......####..# #r#
......#####.###@#.#
......+................
..... ##.###.........K.
########.#######..####.
#.....#.......#...
#.###.#.#.#####..##
#.#<#.#.#.....#..#
#.#.#.#.#####.#.##
#...#.#.#...#.#


You could see a quokka (ally target), a kobold (asleep) and a friendly quokka
(summoned).

Vanquished Creatures
  A ball python (D:1)
1 creature vanquished.

Vanquished Creatures (collateral kills)
  An endoplasm (D:1)
  A goblin (D:1)
2 creatures vanquished.

Grand Total: 3 creatures vanquished

Notes
Turn   | Place    | Note
-------+----------+-------------------------------------------
     0 | D:1      | GeoRichter the Tengu Summoner began the quest for the Orb.
     0 | D:1      | Reached XP level 1. HP: 10/10 MP: 4/4
   102 | D:1      | Reached skill level 5 in Summonings
   147 | D:1      | Slain by a quokka

Illustrated notes

Levels and vault maps discovered:
D:1:      matt_arrival_spirals, layout_basic

Skill      XL: |  1 |
---------------+----+-----
Summonings     | 5 |  5.0
Dodging        | |  2.1
Stealth        | |  2.0
Spellcasting   | |  2.1

Action                   || total
-------------------------++-------
Melee: Unarmed           ||     1
       Kick              ||     1
 Cast: Summon Small Mamm ||     5
Dodge: Dodged            ||     3
